 Dungeon Crawl Stone Soup version 0.27.1-35-g4d5d836560 (webtiles) character file.

Game seed: 15407078896262982951

105 cbfl8 the Sneak (level 4, 0/37 (40) HPs)
             Began as a Minotaur Delver on Apr 7, 2022.
             Killed from afar by a dart slug (5 damage)
             ... with a slug dart
             ... on level 4 of the Dungeon.
             The game lasted 00:01:12 (599 turns).

cbfl8 the Sneak (Minotaur Delver)                    Turns: 599, Time: 00:01:12

HP:   0/37 (40)     AC:  3    Str: 18    XL:     4   Next: 53%
MP:   3/3           EV: 12    Int:  7    God:
Gold: 10            SH:  0    Dex: 11    Spells: 3/3 levels left

rFire    . . .     SeeInvis .   a - +0 falchion
rCold    . . .     Faith    .   (no shield)
rNeg     . . .     Spirit   .   b - +0 leather armour
rPois    .         Reflect  .   (helmet restricted)
rElec    .         Harm     .   (no cloak)
rCorr    .         Rampage  .   (no gloves)
Will     .....                  (no boots)
Stlth    +++.......             (no amulet)
HPRegen  0.12/turn              (no ring)
MPRegen  0.08/turn              (no ring)

@: drained
A: horns 2, retaliatory headbutt
a: no special abilities


You were on level 4 of the Dungeon.
You visited 1 branch of the dungeon, and saw 2 of its levels.

You collected 10 gold pieces.

Inventory:

Hand Weapons
 a - a +0 falchion (weapon)
Armour
 b - a +0 leather armour (worn)
Jewellery
 j - a ring of poison resistance
Wands
 g - a wand of digging (3)
Scrolls
 c - a scroll of fog
 d - a scroll of noise {unknown}
 e - a scroll of fear
 i - a scroll of enchant armour {unknown}
Potions
 f - a potion of haste
 h - a potion of heal wounds {unknown}


   Skills:
 + Level 4.2 Fighting
 + Level 2.8 Long Blades
 + Level 0.5 Armour
 + Level 2.5 Dodging
 + Level 5.3 Stealth


You had 3 spell levels left.
You didn't know any spells.
Your spell library was empty.

Dungeon Overview and Level Annotations

Branches:
Dungeon (5/15)
 Temple: D:4-7

Altars:


Innate Abilities, Weirdness & Mutations

You have a pair of horns on your head.
You reflexively headbutt those who attack you in melee.


Message History

The necrophage is heavily damaged.
The necrophage barely misses you. The dart slug launches a dart at you.
The slug dart hits you.
You hit the necrophage but do no damage.
The necrophage is heavily damaged.
The necrophage hits you but does no damage.
You closely miss the necrophage.
The necrophage is heavily damaged.
The necrophage closely misses you.
The necrophage hits you but does no damage.
You closely miss the necrophage.
The necrophage is heavily damaged.
The necrophage barely misses you.
You riposte.
You hit the necrophage.
The necrophage is severely damaged.
The dart slug closely misses you.
You riposte.
You barely miss the dart slug. You headbutt the dart slug.
The dart slug is lightly wounded.
You hit the necrophage. Your headbutt misses the necrophage.
The necrophage is severely damaged.
The necrophage hits you.
* * * LOW HITPOINT WARNING * * *
You feel drained.
You barely miss the necrophage.
The necrophage is severely damaged.
The dart slug launches a dart at you. The slug dart misses you.
The necrophage hits you.
* * * LOW HITPOINT WARNING * * *
You feel drained.
* * * LOW HITPOINT WARNING * * *
You closely miss the necrophage.
The necrophage is severely damaged.
The necrophage hits you.
* * * LOW HITPOINT WARNING * * *
The dart slug bites you but does no damage.
You barely miss the necrophage. You headbutt the necrophage!
You destroy the necrophage!
The dart slug launches a dart at you. The slug dart hits you.
You die...

*## ##.####
####...#.## ***
#.........# **,**
#.........## *,,,*
##.........#***,,,***
#...@w....###...,,,*,
##..†..#........,,,,,
#....##........,***,
#....#.........,,*,,
##.......w.....,,,*,
#.............,,,,,
###...........,,,,,
##..>.##..***,,,,
#.....#,,****,,,


You could see a dart slug.

Vanquished Creatures
  A necrophage (D:4)
  A scorpion (D:5)
  A centaur zombie (D:5)
  An adder (D:5)
4 creatures vanquished.

Notes
Turn   | Place    | Note
-------+----------+-------------------------------------------
     0 | D:5      | cbfl8 the Minotaur Delver began the quest for the Orb.
     0 | D:5      | Reached XP level 1. HP: 19/19 MP: 0/0
    13 | D:5      | Reached XP level 2. HP: 23/27 MP: 1/1
    13 | D:5      | Reached XP level 3. HP: 29/33 MP: 2/2
   195 | D:5      | Noticed a water moccasin
   232 | D:5      | Noticed a scorpion
   270 | D:5      | Killed a scorpion
   271 | D:5      | Reached skill level 5 in Stealth
   271 | D:5      | Reached XP level 4. HP: 12/40 MP: 3/3
   566 | D:5      | Noticed a yak
   566 | D:5      | Noticed a yak
   566 | D:5      | Noticed a yak
   574 | D:4      | Noticed a necrophage
   599 | D:4      | Killed a necrophage
   599 | D:4      | Killed from afar by a dart slug

Illustrated notes

Levels and vault maps discovered:
D:4:      layout_cave_pools, mainiacjoe_overflow_large_starburst,
          lemuel_coloured_pillars_altar, gup_ossuary_entry_pyramid, uniq_grinder
D:5:      gammafunk_cloud_chamber, layout_basic, minmay_shop_enchanted_jewellery

Skill      XL: |  1  2  3 |
---------------+----------+-----
Fighting       | 4 |  4.2
Stealth        | 5 |  5.3
Long Blades    | |  2.8
Armour         | |  0.5
Dodging        | |  2.5

Action                   |  1- 3 |  4- 6 || total
-------------------------+-------+-------++-------
Melee: Falchion          |    11 |    19 ||    30
       Headbutt          |     5 |     3 ||     8
  Use: Scroll            |       |     1 ||     1
Armor: Leather armour    |     5 |     7 ||    12
Dodge: Dodged            |     7 |    19 ||    26
       Rpst.: Falchion   |     1 |     6 ||     7
